 Dungeon Crawl Stone Soup version 0.30-a0-141-g30f27751c5 (webtiles) character file.

Game seed: 1161160628500852176

557 valliere the Sneak (level 7, -7/48 HPs)
             Began as a Vampire Enchanter on Sept 26, 2022.
             Was an Initiate of Hepliaklqana.
             Mangled by an ice beast (12 damage)
             ... on level 5 of the Dungeon.
             The game lasted 00:16:10 (3707 turns).

valliere the Sneak (Vampire Enchanter)              Turns: 3707, Time: 00:16:11

Health: -7/48      AC: 10    Str:  6    XL:     7   Next: 9%
Magic:  19/19      EV:  8    Int: 15    God:    Hepliaklqana [......]
Gold:   212        SH:  0    Dex: 22    Spells: 8/10 levels left

rFire   . . .      SeeInvis +    u - +9 long sword of the Original Sin {flame, Will- rCorr MP+9 Dex+2}
rCold   . . .      Faith    .    (no shield)
rNeg    . . .      Spirit   .    y - +0 scale mail
rPois   +          Reflect  .    j - +2 helmet
rElec   .          Harm     .    (no cloak)
rCorr   +          Rampage  .    x - +0 pair of gloves
Will    .....                    (no boots)
Stlth   +++.......               (no amulet)
HPRegen 0.36/turn                w - ring of poison resistance
MPRegen 0.16/turn                (no ring)

@: healing quickly
A: alive, fangs 3, see invisible, vampiric 2, agile 1, dopey 1, evolution 1,
MP-powered wands
a: Exsanguinate, Renounce Religion


You were on level 5 of the Dungeon.
You worshipped Hepliaklqana.
Hepliaklqana was noncommittal.
You visited 2 branches of the dungeon, and saw 6 of its levels.

You collected 212 gold pieces.

Inventory:

Hand Weapons
 a - a +1 dagger
 g - a +1 short sword of venom
 p - a +4 short sword
 u - the +9 long sword of the Original Sin (weapon) {flame, Will- rCorr MP+9 Dex+2}
   (You found it on level 4 of the Dungeon)

   It burns those it strikes, dealing additional fire damage.
   Big, fiery blades are also staple armaments of hydra-hunters.
   Dex:       It affects your dexterity (+2).
   MP:        It affects your magic capacity (+9).
   rCorr:     It protects you from acid and corrosion.
   Will:      It decreases your willpower.
Missiles
 h - 2 datura-tipped darts (quivered)
 l - 3 throwing nets
Armour
 b - a +0 robe
 j - a +2 helmet (worn)
 x - a +0 pair of gloves (worn)
 y - a +0 scale mail (worn)
Jewellery
 w - a ring of poison resistance (left hand)
Wands
 z - a wand of roots (14)
Scrolls
 d - a scroll of enchant weapon
 o - a scroll of silence
 q - a scroll of fear
 s - 2 scrolls of teleportation
 t - a scroll of vulnerability {unknown}
 v - 3 scrolls of noise
Potions
 c - 3 potions of invisibility
 e - 2 potions of flight {unknown}
 f - 2 potions of ambrosia
 i - 2 potions of berserk rage
 k - a potion of curing
 m - a potion of magic {unknown}
 n - 2 potions of heal wounds {unknown}
 r - a potion of mutation


   Skills:
 + Level 1.4 Fighting
 - Level 3.2(3.5) Short Blades
 * Level 1.8(2.6) Long Blades
 + Level 0.3 Armour
 * Level 4.0 Dodging
 - Level 7.9 Stealth
 - Level 2.0 Spellcasting
 - Level 6.5 Hexes
 - Level 0.2 Ice Magic


You had 8 spell levels left.
You knew the following spells:

 Your Spells              Type           Power      Damage    Failure   Level
a - Ensorcelled Hibernat  Hex/Ice        22%        N/A       82%         2

Your spell library contained the following spells:

 Spells                   Type           Power      Damage    Failure   Level
 Confusing Touch          Hex            21%        N/A       61%         3
 Tukima's Dance           Hex            21%        N/A       61%         3
 Dazzling Flash           Conj/Hex       22%        N/A       96%         3
 Apportation              Tloc           2%         N/A       98%         1
 Necrotise                Necr           4%         1d4       98%         1
 Summon Small Mammal      Summ           4%         N/A       98%         1
 Searing Ray              Conj           2%         2d4       99%         2
 Sublimation of Blood     Necr           1%         N/A       99%         2
 Hailstorm                Conj/Ice       1%         3d3       100%        4
 Ice Form                 Ice/Tmut       1%         N/A       100%        4
 Simulacrum               Ice/Necr       0%         N/A       100%        6
 Starburst                Conj/Fire      0%         6d3       100%        6
 Chain Lightning          Conj/Air       0%         2d1       100%        9


Dungeon Overview and Level Annotations

Branches:
Dungeon (5/15)             Temple (1/1) D:4

Altars:
Cheibriados
Fedhas
Gozag
Hepliaklqana
Kikubaaqudgha
Makhleb
Nemelex Xobeh
Okawaru
Qazlal
Ru
Sif Muna
Trog
Uskayaw
Vehumet
Wu Jian
Xom
Yredelemnul

Annotations:
D:3 1 runed translucent door, Monkooky's ghost, amateur BaWn


Innate Abilities, Weirdness & Mutations

Your natural rate of healing is accelerated.
You have razor-sharp teeth.
You have supernaturally acute eyesight. (SInv)
You are afflicted with vampirism and can become a bat while bloodless.
You are agile. (Dex +4, Str/Int -1)
You are dopey. (Int -2)
You have hidden genetic potential.
You expend magic power (3 MP) to strengthen your wands.


Message History

The ice beast completely misses you.
Your Dodging skill increases to level 4!
You hit the ice beast but do no damage.
The ice beast hits you but does no damage.
The ice beast closely misses you.
You hit the ice beast but do no damage. The ice beast closely misses you.
You barely miss the ice beast.
The ice beast hits you but does no damage.
You barely miss the ice beast. You bite the ice beast.
The ice beast is lightly wounded.
The ice beast hits you. The ice beast freezes you!
You are too injured to fight recklessly!
You are too injured to fight recklessly!
You hit the ice beast.
You melt the ice beast.
The ice beast is moderately wounded.
The ice beast completely misses you.
The ice beast hits you but does no damage.
You barely miss the ice beast.
The ice beast is moderately wounded.
The ice beast closely misses you.
You barely miss the ice beast.
The ice beast is moderately wounded.
The ice beast hits you but does no damage.
You closely miss the ice beast.
You bite the ice beast, but do no damage.
The ice beast is moderately wounded.
The ice beast completely misses you.
You barely miss the ice beast.
The ice beast is moderately wounded.
The ice beast barely misses you. The ice beast misses you.
You closely miss the ice beast.
The ice beast is moderately wounded.
The ice beast hits you. The ice beast freezes you!
* * * LOW HITPOINT WARNING * * *
You slash the ice beast!
You melt the ice beast.
The ice beast is severely wounded.
The ice beast hits you.
* * * LOW HITPOINT WARNING * * *
The ice beast freezes you!
You die...

.##### #. #.. .....# #.
##.. $....# ..#.l# ##
.....# #.#..##. .....##
####...... .......
.........#######Y....##
...............@.......
###.###.###########
#.###.###.##
#.......#..#######.
###.#.#............
#......##.#####.
#######.##....##
.......#####..# #.....#
#..##


You could see an ice beast.

Vanquished Creatures
  A necrophage (D:4)
  A scorpion (D:4)
  A jelly (D:3)
  An orc priest (D:3)
  A hound (D:4)
  An iguana (D:5)
  An orc wizard (D:3)
  9 adders
  13 gnolls
  2 worms
  3 dart slugs
  6 orcs
  3 endoplasms
  4 giant cockroaches
  2 goblins
  9 hobgoblins
  6 jackals
  6 ball pythons
  5 bats
  4 frilled lizards
  8 kobolds
  6 rats
93 creatures vanquished.

Notes
Turn   | Place    | Note
-------+----------+-------------------------------------------
     0 | D:1      | valliere the Vampire Enchanter began the quest for the Orb.
     0 | D:1      | Reached XP level 1. HP: 13/13 MP: 3/3
    83 | D:1      | Found a faded altar of an unknown god.
    95 | D:1      | Got the Folio of Mortification and Hurting
   205 | D:1      | Reached XP level 2. HP: 19/19 MP: 5/5
   676 | D:1      | Reached skill level 5 in Stealth
   761 | D:1      | Reached skill level 5 in Hexes
  1028 | D:2      | Gained mutation: You are afflicted with vampirism and can
                  | become a bat while bloodless. [Vampire growth]
  1028 | D:2      | Reached XP level 3. HP: 24/24 MP: 6/6
  1280 | D:2      | Learned a level 2 spell: Ensorcelled Hibernation
  1455 | D:2      | Reached XP level 4. HP: 30/30 MP: 3/7
  1714 | D:3      | Reached skill level 6 in Stealth
  1785 | D:3      | Reached XP level 5. HP: 32/35 MP: 8/8
  1954 | D:3      | Gained mutation: You passively map a small area around you.
                  | [potion of mutation]
  1954 | D:3      | Gained mutation: You are vulnerable to cold. (rC-) [potion
                  | of mutation]
  1955 | D:3      | Lost mutation: You are vulnerable to cold. (rC-) [potion of
                  | mutation]
  1955 | D:3      | Lost mutation: You passively map a small area around you.
                  | [potion of mutation]
  1955 | D:3      | Gained mutation: You are dopey. (Int -2) [potion of
                  | mutation]
  1955 | D:3      | Gained mutation: You are agile. (Dex +4, Str/Int -1)
                  | [potion of mutation]
  1955 | D:3      | Gained mutation: You have hidden genetic potential. [potion
                  | of mutation]
  2062 | D:3      | Found a runed translucent door.
  2067 | D:3      | Noticed Monkooky's ghost (amateur BaWn)
  2611 | D:4      | Identified the +9 long sword of the Original Sin {flame,
                  | Will- rCorr MP+9 Dex+2}
  2908 | D:4      | Reached skill level 7 in Stealth
  2911 | D:4      | Reached XP level 6. HP: 11/41 MP: 9/9
  3100 | D:4      | Reached skill level 1 in Long Blades
  3106 | D:4      | Gained mutation: You expend magic power (3 MP) to
                  | strengthen your wands. [hidden potential]
  3154 | D:4      | Reached skill level 1 in Fighting
  3223 | D:4      | Found a staircase to the Ecumenical Temple.
  3233 | Temple   | Entered the Ecumenical Temple
  3253 | Temple   | Became a worshipper of Hepliaklqana the Forgotten
  3327 | D:4      | Reached XP level 7. HP: 30/48 MP: 10/10
  3428 | D:4      | Found a sparkling altar of Nemelex Xobeh.
  3431 | D:4      | Found a radiant altar of Vehumet.
  3431 | D:4      | Found a blossoming altar of Fedhas.
  3438 | D:4      | Found an iron altar of Okawaru.
  3441 | D:4      | Found a shimmering altar of Xom.
  3623 | D:5      | Entered Level 5 of the Dungeon
  3707 | D:5      | Mangled by an ice beast

Illustrated notes

Levels and vault maps discovered:
D:1:      elethiomel_arrival_infinity_welcomes_careful_drivers, layout_basic,
          ebering_ecumenical_altar_webs
D:2:      layout_rooms, minmay_pentomino_z4
D:3:      layout_basic, hellmonk_ghost_happy_afterlife, serial_glass,
          glass_columns_b, glass_columns_a
D:4:      layout_gridville, minmay_overflow_temple_star_hex, temple_fountains
D:5:      layout_rooms
Temple:   minmay_freezing_vapour_temple

Skill      XL: |  1  2  3  4  5  6  7 |
---------------+----------------------+-----
Stealth        | 5 6 7 |  7.9
Hexes          | 5 6 |  6.5
Short Blades   | 2 3 |  3.2
Dodging        | 3 4 |  4.0
Long Blades    | 1 |  1.8
Fighting       | 1 |  1.4
Armour         | |  0.3
Spellcasting   | |  2.0
Ice Magic      | |  0.2

Action                   |  1- 3 |  4- 6 |  7- 9 || total
-------------------------+-------+-------+-------++-------
Melee: Dagger            |    16 |       |       ||    16
       Bite              |     4 |    12 |     2 ||    18
       Punch             |     2 |       |       ||     2
       Short sword       |    59 |    93 |       ||   152
       Long sword        |       |    42 |    20 ||    62
 Cast: Ensorcelled Hiber |     2 |     2 |       ||     4
  Use: Scroll            |       |     7 |     2 ||     9
       Potion            |       |     3 |       ||     3
 Stab: Sleeping          |    11 |     9 |     1 ||    21
       Distracted        |       |     2 |       ||     2
Armor: Robe              |     3 |    27 |       ||    30
       Scale mail        |       |       |     7 ||     7
Dodge: Dodged            |    45 |    83 |    12 ||   140

Table legend: (Time is in decaauts)
 A = Elapsed time spent in this place.
 B = Non-inter-level travel time spent in this place.
 C = Inter-level travel time spent in this place.
 D = Time resting spent in this place.
 E = Time spent auto-exploring this place.
 F = Levels seen in this place.
 G = Mean time per level.
                   A        B        C        D        E       F      G
               +--------+--------+--------+--------+--------+-----+--------+
         Total |   3707 |   3580 |    127 |     24 |   2782 |   6 |  617.8 |
       Dungeon |   3681 |   3554 |    127 |     24 |   2782 |   5 |  736.2 |
        Temple |     25 |     25 |      0 |      0 |      0 |   1 |   25.0 |
               +--------+--------+--------+--------+--------+-----+--------+

Top non-repeatable levels by time:
     D:4: 1023 daAuts
     D:1: 998 daAuts
     D:3: 918 daAuts
     D:2: 652 daAuts
     D:5: 88 daAuts
  Temple: 25 daAuts
